 Dungeon Crawl Stone Soup version 0.27.1-4-g1640c2035a (webtiles) character file.

Game seed: 11872952021435420289

11 Crownlay the Chiller (level 2, -1/20 HPs)
             Began as a Gnoll Ice Elementalist on Nov 6, 2021.
             Slain by a centaur skeleton (2 damage)
             ... on level 2 of the Dungeon.
             The game lasted 00:00:59 (1322 turns).

Crownlay the Chiller (Gnoll Ice Elementalist)       Turns: 1322, Time: 00:01:00

Health: -1/20      AC:  2    Str:  7    XL:     2   Next: 25%
Magic:  0/7        EV: 13    Int: 14    God:
Gold:   12         SH:  0    Dex: 12    Spells: 9/10 levels left

rFire    . . .     SeeInvis .   f - +0 hunting sling
rCold    . . .     Faith    .   (no shield)
rNeg     . . .     Spirit   .   a - +0 robe
rPois    .         Reflect  .   (no helmet)
rElec    .         Harm     .   (no cloak)
rCorr    .         Rampage  .   (no gloves)
Will     .....                  (no boots)
Stlth    ++........             (no amulet)
HPRegen  0.06/turn              (no ring)
MPRegen  0.10/turn              (no ring)

@: no status effects
A: fangs 1, strong nose, distributed training
a: no special abilities


You were on level 2 of the Dungeon.
You visited 1 branch of the dungeon, and saw 2 of its levels.

You collected 12 gold pieces.

Inventory:

Hand Weapons
 f - a +0 hunting sling (weapon)
Armour
 a - a +0 robe (worn)
Jewellery
 e - an amulet of guardian spirit
Scrolls
 b - a scroll of immolation {unknown}
 c - a scroll of noise {unknown}
 d - a scroll of holy word {unknown}


   Skills:
 + Level 0.3 Fighting
 + Level 0.3 Short Blades
 + Level 0.3 Long Blades
 + Level 0.3 Axes
 + Level 0.3 Maces & Flails
 + Level 0.3 Polearms
 + Level 0.3 Staves
 + Level 0.3 Slings
 + Level 0.3 Bows
 + Level 0.3 Crossbows
 + Level 0.3 Throwing
 + Level 0.3 Armour
 + Level 4.4 Dodging
 + Level 4.0 Stealth
 + Level 0.3 Shields
 + Level 0.3 Unarmed Combat
 + Level 4.9 Spellcasting
 + Level 0.2 Conjurations
 + Level 0.2 Hexes
 + Level 0.2 Summonings
 + Level 0.2 Necromancy
 + Level 0.2 Translocations
 + Level 0.2 Transmutations
 + Level 0.2 Fire Magic
 + Level 7.0 Ice Magic
 + Level 0.2 Air Magic
 + Level 0.2 Earth Magic
 + Level 0.2 Poison Magic
 + Level 0.4 Invocations
 + Level 0.3 Evocations


You had 9 spell levels left.
You knew the following spells:

 Your Spells              Type           Power      Damage    Failure   Level
a - Freeze                Ice            92%        1d10      1%          1

Your spell library contained the following spells:

 Spells                   Type           Power      Damage    Failure   Level
 Frozen Ramparts          Ice            46%        1d6       3%          3
 Ozocubu's Armour         Ice            23%        N/A       3%          3
 Animate Skeleton         Necr           8%         N/A       16%         1
 Pain                     Necr           16%        1d4       16%         1
 Hailstorm                Conj/Ice       13%        3d5       36%         4
 Vampiric Draining        Necr           2%         2d6       43%         3


Dungeon Overview and Level Annotations

Branches:
Dungeon (2/15)

Altars:


Innate Abilities, Weirdness & Mutations

You have very sharp teeth.
Your uncanny sense of smell can sniff out nearby items.
Your experience applies equally to all skills.


Message History

Casting: Freeze (safe; 1% risk of failure)
Confirm with . or Enter, or press ? or * to list all spells.
Aiming: Freeze (safe; 1% risk of failure)
Press: ? - help, Shift-Dir - straight line, f/p - centaur skeleton
Aim: a centaur skeleton (moderately damaged)
You freeze the centaur skeleton.
The centaur skeleton resists.
The centaur skeleton is moderately damaged.
The centaur skeleton closely misses you.
The centaur skeleton kicks you.
* * * LOW HITPOINT WARNING * * *
Casting: Freeze (safe; 1% risk of failure)
Confirm with . or Enter, or press ? or * to list all spells.
Aiming: Freeze (safe; 1% risk of failure)
Press: ? - help, Shift-Dir - straight line, f/p - centaur skeleton
Aim: a centaur skeleton (moderately damaged)
You freeze the centaur skeleton.
The centaur skeleton resists.
The centaur skeleton is moderately damaged.
The centaur skeleton completely misses you.
The centaur skeleton kicks you but does no damage.
Casting: Freeze (safe; 1% risk of failure)
Confirm with . or Enter, or press ? or * to list all spells.
Aiming: Freeze (safe; 1% risk of failure)
Press: ? - help, Shift-Dir - straight line, f/p - centaur skeleton
Aim: a centaur skeleton (moderately damaged)
You freeze the centaur skeleton.
The centaur skeleton resists.
The centaur skeleton is heavily damaged.
The centaur skeleton barely misses you. The centaur skeleton kicks you.
* * * LOW HITPOINT WARNING * * *
The centaur skeleton barely misses you.
The centaur skeleton kicks you but does no damage.
Casting: Freeze (safe; 1% risk of failure)
Confirm with . or Enter, or press ? or * to list all spells.
Aiming: Freeze (safe; 1% risk of failure)
Press: ? - help, Shift-Dir - straight line, f/p - centaur skeleton
Aim: a centaur skeleton (heavily damaged)
You freeze the centaur skeleton.
The centaur skeleton resists.
The centaur skeleton is heavily damaged.
The centaur skeleton closely misses you.
The centaur skeleton kicks you.
You die...

###############
#.@...........#
#Z###########.#####
#. ### #....^. ..
..# #..#### ##. #.#
#..# #. #.# #..# #.
#<# #..#
#.#####.#####..#
#..............#


You could see a centaur skeleton.

Vanquished Creatures
  A bat (D:1)
  4 endoplasms
  A quokka (D:1)
  A kobold (D:1)
  3 rats (D:1)
10 creatures vanquished.

Notes
Turn   | Place    | Note
-------+----------+-------------------------------------------
     0 | D:1      | Crownlay the Gnoll Ice Elementalist began the quest for the
                  | Orb.
     0 | D:1      | Reached XP level 1. HP: 13/13 MP: 6/6
   609 | D:1      | Reached XP level 2. HP: 19/19 MP: 5/7
  1321 | D:2      | HP: 1/20 [centaur skeleton (1)]
  1322 | D:2      | Slain by a centaur skeleton

Illustrated notes

Levels and vault maps discovered:
D:1:      sevenhm_arrival_forest_fort_large_1, layout_basic
D:2:      layout_loops_ring, uniq_terence, uniq_jessica

Action                   || total
-------------------------++-------
Melee: Unarmed           ||     7
 Fire: Hunting sling     ||     4
 Cast: Freeze            ||    21
Armor: Robe              ||     7
Dodge: Dodged            ||    19
